 Dungeon Sprint DCSS version 0.30.1-11-g7821555f0a (webtiles) character file.

Game seed: 1177185748636032908

1734 Groucho the Unseen (level 8, -9/36 HPs)
             Began as a Spriggan Enchanter on Nov 21, 2023.
             Was a Priest of Dithmenos.
             Mangled by Erolcha
             ... wielding a +0 giant spiked club
              (45 damage)
             ... in the Dungeon (Sprint III: "The Ten Rune Challenge").
             The game lasted 00:05:07 (1553 turns).

Groucho the Unseen (Spriggan Enchanter)             Turns: 1553, Time: 00:05:08

Health: -9/36      AC:  2    Str:  4    XL:     8   Next: 76%
Magic:  22/23      EV: 22    Int: 18    God:    Dithmenos [***...]
Gold:   38         SH:  0    Dex: 16    Spells: 16/27 levels left

rFire   . . .        a - +1 dagger
rCold   . . .        (no shield)
rNeg    . . .        b - +0 robe
rPois   .            (helmet restricted)
rElec   .            (no cloak)
rCorr   .            (gloves unavailable)
SInv    +            (boots unavailable)
Will    +....        (no amulet)
Stlth   ++++++++     (no ring)
HPRegen 0.26/turn    (no ring)
MPRegen 0.18/turn

%: no teleportation
@: wreathed by umbra, very quick
A: very small, no large weapons, unfitting armour, see invisible, speed 3
a: Renounce Religion, Shadow Step


You were in the Dungeon.
You worshipped Dithmenos.
Dithmenos was most pleased with you.
You visited 1 branch You collected 38 gold pieces.

Inventory:

Hand Weapons
 a - a +1 dagger (weapon)
Armour
 b - a +0 robe (worn)
Wands
 p - a wand of digging (5)
Scrolls
 j - a scroll of immolation {unknown}
 k - 2 scrolls of identify
 n - a scroll of torment {unknown}
 o - a scroll of vulnerability {unknown}
Potions
 c - a potion of invisibility
 d - 2 potions of curing
 f - a potion of haste
 g - 2 potions of magic
 h - 2 potions of berserk rage
 l - 3 potions of flight
 m - 7 potions of mutation


   Skills:
 - Level 1.1 Short Blades
 + Level 9.0 Dodging
 - Level 15.0 Stealth
 + Level 5.4 Unarmed Combat
 + Level 10.0 Spellcasting
 * Level 7.2 Conjurations
 + Level 10.2 Hexes


You had 16 spell levels left.
You knew the following spells:

 Your Spells              Type           Power      Damage    Failure   Level
a - Ensorcelled Hibernat  Hex/Ice        54%        N/A       1%          2
b - Confusing Touch       Hex            45%        N/A       1%          3
c - Dazzling Flash        Conj/Hex       80%        N/A       1%          3
d - Tukima's Dance        Hex            45%        N/A       1%          3

Your spell library contained the following spells:

 Spells                   Type           Power      Damage    Failure   Level
 Summon Guardian Golem    Hex/Summ       27%        N/A       3%          3
 Orb of Destruction       Conj           17%        9d7       98%         7
 Spellforged Servitor     Conj/Summ      11%        N/A       100%        7


Dungeon Overview and Level Annotations

Branches:
Dungeon (1/1)

Altars:
Cheibriados
Dithmenos
Elyvilon
Fedhas
Gozag
Hepliaklqana
Kikubaaqudgha
Makhleb
Nemelex Xobeh
Okawaru
Qazlal
Ru
Sif Muna
Trog
Uskayaw
Vehumet
Wu Jian
Xom
Yredelemnul
Zin
The Shining One
Jiyva
Lugonu

Annotations:
D Erolcha


Innate Abilities, Weirdness & Mutations

You are very small and have problems with some larger weapons.
You are too small for most types of armour.
You have supernaturally acute eyesight. (SInv)
You cover ground extremely quickly. (Speed+++)


Message History

Erolcha closely misses you.
Erolcha hits herself with a +0 giant spiked club!!
You hit Erolcha.
Erolcha is heavily wounded.
You hit Erolcha.
Erolcha is heavily wounded.
You hit Erolcha but do no damage.
Erolcha is heavily wounded.
Erolcha completely misses you.
You hit Erolcha.
Erolcha is heavily wounded.
Erolcha barely misses you.
Erolcha hits herself with a +0 giant spiked club!!
You hit Erolcha. You punch Erolcha, but do no damage.
Erolcha is almost dead.
You hit Erolcha but do no damage.
Erolcha is almost dead.
You hit Erolcha. Your punch misses Erolcha.
Erolcha is almost dead.
You hit Erolcha but do no damage.
Erolcha is almost dead.
Erolcha closely misses you.
You hit Erolcha.
Erolcha is almost dead.
Erolcha misses you.
You hit Erolcha but do no damage.
Erolcha is almost dead.
You hit Erolcha but do no damage.
Erolcha is almost dead.
Erolcha seems less confused.
Erolcha gestures wildly while chanting.
Erolcha flickers and vanishes for a moment.
You hit Erolcha but do no damage.
Erolcha is almost dead.
Erolcha closely misses you.
You completely miss Erolcha.
Erolcha is almost dead.
Erolcha hits you with a +0 giant spiked club!!!
Ouch! That really hurt!
You die...

###### __#__# _)#._#
###'## .....# .....#
####'#
_#...#+##############
_#...#....#)#)#O@...#
_#...##.#.)#.##.###.#
_#...'##.#.#.##.#O.##
_'...#...#..#.)##.O
▓▓▓▓▓▓▓▓▓▓▓▓▓▓▓▓▓▓▓


You could see Erolcha (invisible).

Vanquished Creatures
  A deep elf pyromancer (D)
  A shadow (D)
  A spatial vortex (D)
  4 two-headed ogres (D)
  A necrophage (D)
  A water elemental (D)
  A jelly (D)
  Jessica (D)
  A wizard (D)
  A necromancer (D)
  3 humans (D)
  A kobold demonologist (D)
  A phantom (D)
  An endoplasm (D)
  2 rats (D)
21 creatures vanquished.

Notes
Turn   | Place    | Note
-------+----------+-------------------------------------------
     0 | D        | Groucho the Spriggan Enchanter began the quest for the Orb.
     0 | D        | Reached XP level 1. HP: 9/9 MP: 5/5
     5 | D        | Reached skill level 5 in Stealth
    15 | D        | Noticed Jessica
    19 | D        | Killed Jessica
    20 | D        | Reached skill level 8 in Stealth
    20 | D        | Reached skill level 5 in Hexes
    20 | D        | Reached XP level 2. HP: 13/13 MP: 6/8
    20 | D        | Reached XP level 3. HP: 16/16 MP: 6/9
   156 | D        | Learned a level 2 spell: Ensorcelled Hibernation
   160 | D        | Learned a level 3 spell: Confusing Touch
   164 | D        | Learned a level 3 spell: Dazzling Flash
   395 | D        | Reached skill level 9 in Stealth
   395 | D        | Reached skill level 5 in Spellcasting
   437 | D        | Noticed a water elemental
   439 | D        | Killed a water elemental
   440 | D        | Reached skill level 11 in Stealth
   440 | D        | Reached XP level 4. HP: 21/21 MP: 11/13
   449 | D        | Found a shadowy altar of Dithmenos.
   449 | D        | Noticed a necrophage
   450 | D        | Found a basalt altar of Yredelemnul.
   450 | D        | Found a sacrificial altar of Ru.
   451 | D        | Killed a necrophage
   452 | D        | Reached skill level 1 in Unarmed Combat
   452 | D        | Reached skill level 1 in Conjurations
   452 | D        | Reached XP level 5. HP: 24/24 MP: 12/14
   453 | D        | Reached skill level 12 in Stealth
   456 | D        | Became a worshipper of Dithmenos the Shadowed
   485 | D        | Found a radiant altar of Vehumet.
   486 | D        | Found a shimmering blue altar of Sif Muna.
   486 | D        | Found an ancient bone altar of Kikubaaqudgha.
   490 | D        | Noticed an orange demon
   491 | D        | Noticed a rust devil
   492 | D        | Noticed an ice devil
   935 | D        | Found a hide-covered altar of Uskayaw.
   935 | D        | Found an iron altar of Okawaru.
   936 | D        | Found a bloodstained altar of Trog.
   936 | D        | Found an ornate altar of the Wu Jian Council.
   936 | D        | Noticed a human
   936 | D        | Noticed a human
   993 | D        | Killed a human
   993 | D        | Reached * piety under Dithmenos
   994 | D        | Reached skill level 5 in Dodging
   994 | D        | Reached skill level 13 in Stealth
   994 | D        | Reached XP level 6. HP: 8/28 MP: 11/17
   997 | D        | Killed a human
   998 | D        | Reached skill level 14 in Stealth
  1260 | D        | Found a glowing silver altar of Zin.
  1261 | D        | Found a glowing golden altar of the Shining One.
  1261 | D        | Found a white marble altar of Elyvilon.
  1261 | D        | Noticed a deep elf pyromancer
  1263 | D        | Killed a deep elf pyromancer
  1264 | D        | Reached skill level 15 in Stealth
  1264 | D        | Reached skill level 5 in Conjurations
  1264 | D        | Reached XP level 7. HP: 32/32 MP: 18/20
  1275 | D        | Noticed a shadow
  1277 | D        | Killed a shadow
  1277 | D        | Reached ** piety under Dithmenos
  1278 | D        | Reached XP level 8. HP: 36/36 MP: 20/22
  1286 | D        | Learned a level 3 spell: Tukima's Dance
  1288 | D        | Found a blossoming altar of Fedhas.
  1288 | D        | Found a stormy altar of Qazlal.
  1288 | D        | Found a snail-covered altar of Cheibriados.
  1288 | D        | Found a burning altar of Makhleb.
  1288 | D        | Found a shimmering altar of Xom.
  1289 | D        | Found a hazy altar of Hepliaklqana.
  1289 | D        | Found an opulent altar of Gozag.
  1289 | D        | Found a sparkling altar of Nemelex Xobeh.
  1289 | D        | Found a corrupted altar of Lugonu.
  1289 | D        | Found a viscous altar of Jiyva.
  1329 | D        | Reached *** piety under Dithmenos
  1333 | D        | Reached skill level 5 in Unarmed Combat
  1335 | D        | Noticed a two-headed ogre
  1344 | D        | Killed a two-headed ogre
  1345 | D        | Reached skill level 10 in Spellcasting
  1345 | D        | Reached skill level 10 in Hexes
  1527 | D        | Noticed a two-headed ogre
  1527 | D        | Noticed Erolcha
  1553 | D        | Mangled by Erolcha

Illustrated notes

Levels and vault maps discovered:
D:        dungeon_sprint_mu [sprint_mu_entry_forest, sprint_mu_temple_rooms,
          sprint_mu_d1_spiders, sprint_mu_d2_genie, sprint_mu_d3_branching,
          sprint_mu_orc_legion, sprint_mu_elf_gauntlet, sprint_mu_hive_nellie,
          sprint_mu_lair_fedhas, sprint_mu_vaults_butterflies,
          sprint_mu_slime_circle, sprint_mu_swamp_cave, sprint_mu_shoals_kraken,
          sprint_mu_blade_basic, sprint_mu_crypt_fortress,
          sprint_mu_tomb_spiral, sprint_mu_vestibule_basic,
          sprint_mu_gehenna_hellfire, sprint_mu_dis_giant,
          sprint_mu_tartarus_statrot, sprint_mu_cocytus_islands, sprint_mu_zot1]

Skill      XL: |  1  2  3  4  5  6  7  8 |
---------------+-------------------------+-----
Stealth        | 8 11 13 15 | 15.0
Spellcasting   | 4 6 7 8 9 10 | 10.0
Hexes          | 5 6 7 9 10 | 10.2
Dodging        | 3 5 7 9 |  9.0
Unarmed Combat | 1 2 4 5 |  5.4
Conjurations   | 1 3 5 6 7 |  7.2
Short Blades   | |  1.1

Action                     |  1- 3 |  4- 6 |  7- 9 || total
---------------------------+-------+-------+-------++-------
  Melee: Dagger            |    10 |    27 |    28 ||    65
         Punch             |       |     1 |     3 ||     4
   Cast: Ensorcelled Hiber |     2 |     8 |     3 ||    13
         Confusing Touch   |       |     2 |     1 ||     3
    Use: Potion            |       |     3 |       ||     3
         Scroll            |       |     1 |       ||     1
   Stab: Sleeping          |     7 |     6 |     7 ||    20
         Confused          |       |     1 |       ||     1
 Armour: Robe              |       |     3 |       ||     3
  Dodge: Dodged            |     3 |    25 |    10 ||    38
